[Event "Championnat d'Europe de Blitz"]
[Date "2024.12.09"]
[White "Aizenberg, Benny"]
[Black "Kues, Hendrik"]
[WhiteElo "2425"]
[BlackElo "2149"]
[Round "6.52"]
[Result "1-0"]
[TimeControl "180+2"]

1. e4 c5 2. Nf3 g6 3. d4 cxd4 4. Nxd4 Bg7 5. c4 Nc6 6. Be3 Nf6 7. Nc3 O-O 8. Be2 d6 9. O-O Bd7 10. Rc1 Nxd4 11. Bxd4 Bc6 12. f3 a5 13. b3 Nd7 14. Be3 Nc5 15. Qd2 Qb6 16. Nd5 Bxd5 17. cxd5 Qb4 18. Rc4 Qxd2 19.
Bxd2 b5 20. Rc2 Bd4+ 21. Kh1 b4 22. Rc4 Bf6 23. f4 a4 24. bxa4 Rxa4 25. Bxb4 Rxa2 26. Bf3 Nd3 27. Bd1 Ra1 28. Be2 Rxf1+ 29. Bxf1 Nxf4 30. Bd2 Nh5 31. g4 Ng7 32. Rc7 Ne8 33. Rb7 Be5 34. g5 Ng7 35. Rxe7 Nh5 36. Bb5 Nf4 37. Be8 Ne2 38. Kg2 Nf4+ 39. Kf3 Nh5 40. h3 Kg7 41. Bb4 h6 42. gxh6+ Kxh6 43. Rxe5 Rg8 44. Bxd6 f6 45. Re7 Ng7 46. Bf4+ g5 47. Bf7 Ra8 48. Be3 Ra1 49. d6 Rb1 50. d7 1-0

[Site "Europe Echecs"]

[Event "Championnat d'Europe de Blitz"]
[Date "2024.12.09"]
[White "Ilic, Ljubomir"]
[Black "Pacher, Milan"]
[WhiteElo "2076"]
[BlackElo "2310"]
[Round "6.53"]
[Result "0-1"]
[TimeControl "180+2"]

1. e4 c5 2.
Nf3 Nc6 3.
d4 cxd4 4. Nxd4 e5 5. Nb5 d6 6. N1c3 a6 7. Na3 Be7 8. Nc4 b5 9.
Ne3 Nf6 10.
Ned5 O-O 11.
Be3 Rb8 12.
Be2 b4 13.
Nxf6+ Bxf6 14. Nd5 Bg5 15. O-O a5 16. b3 Be6 17. Bc4 Bxe3 18. Nxe3 Nd4 19. Qd3 Qg5 20. f3 h5 21. Kh1 g6 22. a3 h4 23. axb4 h3 24. g3 axb4 25. Ra6 Rbd8 26. f4 exf4 27.
Rxf4 Bxc4 28. Qxd4 Bxa6 29. Rh4 Qe5 0-1

[Site "Europe Echecs"]

[Event "Championnat d'Europe de Blitz"]
[Date "2024.12.09"]
[White "Diermair, Andreas"]
[Black "Sutbas, Batuhan"]
[WhiteElo "2433"]
[BlackElo "1885"]
[Round "6.54"]
[Result "1-0"]
[TimeControl "180+2"]

1. c4 e6 2. g3 d5 3. Bg2 c6 4. Nf3 Nf6 5. O-O Be7 6. b3 a5 7. Nc3 O-O 8. d4 Nbd7 9. Qd3 b6 10. e4 Ba6 11. e5 Ne8 12. Rd1 g6 13. Bh6 Ng7 14. Rac1 Re8 15. g4 Ba3 16. Rc2 Rc8 17. h3 Bb4 18. Qe3 dxc4 19. Ne4 cxb3 20. axb3 Be7 21. Qf4 Rf8 22. g5 Nf5 23. Nf6+ Bxf6 24. gxf6 Re8 25. Rcd2 b5 26. Nh4 a4 27. Ra1 Qa5 28. Nxf5 exf5 29. bxa4 bxa4 30. Rda2 Bb5 31. Qh4 Qb4 32. Rc2 Nxe5 33. Bd2 Qf8 34. dxe5 Rxe5 35. Be3 Rce8 36. Bxc6 Bxc6 37.
Rxc6 h5 38. Qg5 Kh7 39. Rxa4 Rd8 40. Rh4 Rd1+ 41. Kh2 Rxe3 42. Qxe3 Qb8+ 43. Qg3 Qb1 44. Rxh5+ 1-0

[Site "Europe Echecs"]

[Event "Championnat d'Europe de Blitz"]
[Date "2024.12.09"]
[White "Pichot, Alan"]
[Black "Jobava, Baadur"]
[WhiteElo "2637"]
[BlackElo "2578"]
[Round "7.1"]
[Result "1-0"]
[TimeControl "180+2"]

1. e4 d6 2.
d4 Nf6 3. Nc3 e5 4. Nf3 Nbd7 5. Rg1 g6 6. g4 Bg7 7. dxe5 dxe5 8. Be3 O-O 9. Qd3 c6 10. O-O-O Qe7 11. Qd6 Qxd6 12. Rxd6 Re8 13. g5 Nh5 14. Bh3 Nb6 15. Bxc8 Raxc8 16. b3 Bf8 17. Rd2 Nf4 18. Kb2 h6 19. h4 h5 20. a4 Bb4 21. Ra1 Ba5 22. Rad1 Bb4 23. Ra1 Ba5 24. Bc5 Ne6 25. Bd6 c5 26. Nxe5 Nd4 27. Nd3 c4 28. Bb4 Nf3 29. Rdd1 cxd3 30. Bxa5 dxc2 31. Kxc2 Rxe4 32. Kb2 Rxh4 33. Rd3 Nxg5 34. Rad1 Ne6 35. Nb5 Ra8 36. Nd6 Nc5 37. Rd4 Rh3 38. Bc3 Rf3 39. a5 Rxf2+ 40. Ka3 Nbd7 41. Nxb7 Re8 42. Bb4 Nxb7 43. Rxd7 Nxa5 44. Bxa5 h4 45. Bc3 g5 46. R1d5 f6 47. Rc7 h3 48. Rdd7 h2 49. Rg7+ Kh8 50. Rh7+ Kg8 51. Rcg7+ Kf8 52. Bb4+ Re7 53. Bxe7+ Ke8 54. Bc5 1-0

[Site "Europe Echecs"]

[Event "Championnat d'Europe de Blitz"]
[Date "2024.12.09"]
[White "Sarana, Alexey"]
[Black "Van Foreest, Jorden"]
[WhiteElo "2674"]
[BlackElo "2677"]
[Round "7.2"]
[Result "0-1"]
[TimeControl "180+2"]

1. d4 Nf6 2. c4 e6 3. Nc3 Bb4 4. Nf3 O-O 5. Bg5 d5 6. e3 Nbd7 7. cxd5 exd5 8. Bd3 c5 9. O-O Qa5 10. Qc2 c4 11. Bf5 Re8 12. Rfb1 h6 13. Bh4 Bxc3 14. Qxc3 Qxc3 15. bxc3 Ne4 16. Bxe4 Rxe4 17. Bg3 Re6 18. Rb5 Nb6 19. Bc7 Bd7 20. Ra5 Na4 21. Rxd5 Bc6 22. Rh5 Nxc3 23. Ba5 Nd5 24. Rc1 b5 25. Ne5 Nf6 26. Rh4 Nd7 27. d5 Rxe5 28. dxc6 Nb6 29. Rd4 Rc5 30. a4 bxa4 31. Bxb6 axb6 32.
Rdxc4 Rxc4 33. Rxc4 b5 34. Rc5 a3 35. c7 Rc8 36. Rc1 b4 37. Kf1 b3 0-1

[Site "Europe Echecs"]

[Event "Championnat d'Europe de Blitz"]
[Date "2024.12.09"]
[White "Koelle, Tobias"]
[Black "Korobov, Anton"]
[WhiteElo "2437"]
[BlackElo "2629"]
[Round "7.3"]
[Result "0-1"]
[TimeControl "180+2"]

1. d4 Nf6 2. c4 b6 3. f3 Nc6 4. Nc3 e5 5. d5 Ne7 6. e4 Ng6 7. h4 h5 8. Be3 Bc5 9. Qd2 d6 10. g3 Bd7 11. Bh3 c6 12. Bxd7+ Qxd7 13. dxc6 Qxc6 14. Nd5 Nxd5 15. cxd5 Qb5 16. Bxc5 bxc5 17. Ne2 O-O 18. O-O Rab8 19. b3 f5 20. Rad1 f4 21. Rde1 c4 22. bxc4 Qxc4 23. Rc1 Qa4 24. Rc6 Qa3 25. Rc3 Rb2 26. Rxa3 Rxd2 27. Rf2 Rb8 28. Nc3 Rxf2 29. Kxf2 Rb2+ 30. Ne2 fxg3+ 31. Ke3 g2 32. Ng1 Nf4 33. Rb3 Rxa2 34. Rb1 a5 35. Rc1 Kh7 36. Rb1 a4 37. Rc1 a3 0-1

[Site "Europe Echecs"]

[Event "Championnat d'Europe de Blitz"]
[Date "2024.12.09"]
[White "Fedoseev, Vladimir"]
[Black "Zlatkov, Anton"]
[WhiteElo "2709"]
[BlackElo "2324"]
[Round "7.4"]
[Result "1-0"]
[TimeControl "180+2"]

1. d4 Nf6 2.
c4 e6 3. Nf3 d5 4. Nc3 Bb4 5. Bg5 h6 6. Bxf6 Qxf6 7. e3 O-O 8. Rc1 c5 9. cxd5 exd5 10. dxc5 Nc6 11. Be2 Be6 12. O-O Rfd8 13. Nb5 Qxb2 14. a3 Ba5 15. Rb1 Qf6 16. Nd6 b6 17. Qa4 Ne5 18. Nb7 Rdc8 19. Nxa5 bxa5 20. Qxa5 Bg4 21. Nxe5 Bxe2 22. Rfe1 Qxe5 23. Rxe2 d4 24. Rc1 Rc6 25. Qb5 Rac8 26. exd4 Qxd4 27. Rec2 a6 28. Qb4 Qxb4 29. axb4 Rb8 30. Rc4 Rb5 31. Ra1 Kf8 32. g3 Ke7 33. Kg2 Ke6 34. Kf3 Kd5 35.
Rf4 f6 36.
Re4 Rc7 37.
Rxa6 Rc6 38.
Rxc6 Kxc6 39. Rd4 Kc7 40. Ke4 1-0

[Site "Europe Echecs"]

[Event "Championnat d'Europe de Blitz"]
[Date "2024.12.09"]
[White "Baidetskyi, Valentin"]
[Black "Deac, Bogdan-Daniel"]
[WhiteElo "2519"]
[BlackElo "2696"]
[Round "7.5"]
[Result "1/2-1/2"]
[TimeControl "180+2"]

1. e4 e5 2. Nf3 Nc6 3. Bc4 Nf6 4. d3 Be7 5. O-O O-O 6. Re1 d6 7. a4 a5 8. Nbd2 Nd7 9. Nf1 Nb6 10. Bb3 Be6 11. c3 Nd7 12. d4 exd4 13. cxd4 Bg4 14. Be3 Bf6 15. Ng3 g6 16. Qd2 Bg7 17. Ng5 Nb6 18. h3 Bd7 19. f4 d5 20. e5 Nb4 21. Qe2 f6 22. Nf3 c6 23. Bd2 fxe5 24. dxe5 Qe7 25. Kh1 Rae8 26. Ne4 Be6 27. Nd6 Rb8 28. Ng5 Nc8 29. Nde4 Bf5 30. g4 Bxe4+ 31. Nxe4 Nb6 32. Rac1 Kh8 33. Ng3 Rbe8 34. Kg2 Nd7 35. Bc3 Nc5 36. Bxb4 axb4 37. Qe3 Nxb3 38. Qxb3 Rxf4 39. e6 Rf6 40. Rc2 Rxe6 41. Rxe6 Qxe6 42. Qxb4 Qd7 43. a5 h6 44. Rf2 Kh7 45. Qb3 Qe7 46. Qc2 Qe6 47. b4 Re7 48. Re2 Qd7 49. Rf2 Qe6 50. Re2 Qd6 51. Rxe7 Qxe7 52. Qd2 Qe5 53. Ne2 Qe4+ 54. Kf2 Bf8 55. Nd4 Bd6 56. Nc2 Be5 57. Qe2 Qf4+ 58. Ke1 Kg7 59. Kd1 Qg3 60.
Ne3 Qxh3 61.
Nf5+ Kf6 62. Ne3 Qg3 63. b5 cxb5 64. Nxd5+ Kg5 65. Ne3 b4 66. Kc2 Qf4 67. Qd3 h5 68. gxh5 gxh5 69. Kb3 Qf7+ 70. Nc4 Bf4 71. Qd8+ Kg4 72. Qd4 h4 73. Kxb4 Qe7+ 74. Kb5 h3 75. Qd5 h2 76. Kb6 Qc7+ 77. Ka7 Qc6 78. Qg8+ Kh4 79. Qh7+ Kg3 80. Nb6 Qg2 81. Qg6+ Kf2 82. Qc2+ Kf3 83. Qd3+ Be3 84. Qd5+ Kf2 85. Qf5+ Kg1 86. Qb1+ Kf2 87. Qc2+ Kf3 88. Qf5+ Ke2 89.
Qc2+ Bd2 90. Qc4+ Ke1 91. Qe6+ Qe2 92. Qd5 Qf2 93. Kxb7 Kf1 94. a6 Qg2 95. a7 Qxd5+ 96. Nxd5 h1=Q 97. a8=Q Qxd5+ 98. Kb8 Bf4+ 99. Ka7 Be3+ 100.
Kb8 Qd6+ 101. Kb7 Qd7+ 102. Ka6 Qa4+ 103. Kb7 Qe4+ 104. Kb8 Bf4+ 105. Ka7 Qa4+ 106. Kb7 Qb5+ 107. Kc8 Qe8+ 108. Kb7 Qd7+ 109. Ka6 Qa4+ 110. Kb7 Qb4+ 111. Ka6 Qa4+ 112. Kb7 Qb3+ 113. Ka6 Qc4+ 114. Kb7 Qb4+ 115. Ka6 Qd6+ 116. Kb7 Qc7+ 117. Ka6 Qc4+ 118. Kb7 Qb5+ 119. Kc8 Kf2 120. Qe4 Qc5+ 121.
Kd7 Qd6+ 122. Ke8 Be5 123. Qf5+ Ke3 124. Kf7 Qc7+ 125. Kg6 Qg7+ 126. Kh5 Qe7 127. Qg5+ Qxg5+ 128.
Kxg5 1/2-1/2

[Site "Europe Echecs"]

[Event "Championnat d'Europe de Blitz"]
[Date "2024.12.09"]
[White "Mamedov, Rauf"]
[Black "Djukic, Nikola"]
[WhiteElo "2656"]
[BlackElo "2493"]
[Round "7.6"]
[Result "1-0"]
[TimeControl "180+2"]

1. e4 c5 2. Nf3 d6 3. Nc3 Nc6 4. g3 g6 5. Bg2 Bg7 6. d3 e6 7. O-O Nge7 8. Be3 Nd4 9. Rb1 e5 10. Nd2 O-O 11. a3 Be6 12. Nd5 Nxd5 13. exd5 Bd7 14. b4 b6 15. bxc5 bxc5 16. Nc4 Qc7 17. Bd2 Bb5 18. Ba5 Qd7 19. c3 Ba4 20.
Qd2 Nb3 21.
Qa2 Rab8 22. Rb2 Rb5 23. Rfb1 Rfb8 24. Bf3 Nxa5 25. Nxa5 e4 26. Bxe4 Bxc3 27.
Rxb5 Rxb5 28. Nc6 Bf6 29. Rxb5 Bxb5 30. a4 Ba6 31. h4 h5 32. Qb3 Qc7 33. a5 Kg7 34. Kg2 Bc8 35. Qb5 Bd7 36. Qa6 Bxc6 37. dxc6 Bc3 38. Qc4 Bxa5 39. Bd5 Qe7 40.
Qa2 Bb6 41. Qb2+ Qf6 42. Qxb6 axb6 43. c7 Qf5 44. Bb7 Qxd3 45. c8=Q b5 46. Ba6 Qd5+ 47. Kh2 Qf3 48. Kg1 b4 49. Qb8 Qf6 50. Bc4 Qd4 51. Bf1 Qd5 52. Qb5 Qd4 53. Bc4 d5 54. Bf1 Qc3 55. Qd7 Qd4 56. Qb5 Qc3 57. Qd7 Qd4 58. Qb5 1-0

[Site "Europe Echecs"]

[Event "Championnat d'Europe de Blitz"]
[Date "2024.12.09"]
[White "Fressinet, Laurent"]
[Black "Smeets, Jan"]
[WhiteElo "2588"]
[BlackElo "2552"]
[Round "7.7"]
[Result "1-0"]
[TimeControl "180+2"]

1. Nf3 d5 2. g3 Nf6 3. Bg2 b5 4. O-O e6 5. d3 Bb7 6. e4 Be7 7. Nbd2 O-O 8. a4 a6 9. Re1 c5 10. exd5 Nxd5 11. Ne4 Nc6 12. Bg5 f6 13. Bd2 Re8 14. c3 Bf8 15. Qb3 Na5 16. Qc2 c4 17. dxc4 Nxc4 18. Rad1 Nxd2 19. Rxd2 Qb6 20. Rde2 Rac8 21. axb5 axb5 22. Qb3 Ba6 23. Ned2 b4 24. Rxe6 Rxe6 25. Qxd5 Rce8 26. Nd4 Bc8 27. Bh3 Kf7 1-0

[Site "Europe Echecs"]

[Event "Championnat d'Europe de Blitz"]
[Date "2024.12.09"]
[White "Ragger, Markus"]
[Black "Lagarde, Maxime"]
[WhiteElo "2577"]
[BlackElo "2600"]
[Round "7.8"]
[Result "1/2-1/2"]
[TimeControl "180+2"]

1. Nf3 Nf6 2. c4 g6 3. Nc3 Bg7 4. d4 O-O 5. e4 d6 6. Be2 e5 7. O-O Nc6 8. dxe5 dxe5 9. Bg5 Bg4 10. Qxd8 Nxd8 11. Bxf6 Bxf6 12. Nd5 Kg7 13. Nxc7 Rc8 14. Nd5 Bxf3 15. gxf3 Ne6 16. Rfc1 Nd4 17. Kf1 Bg5 18. Rc3 f5 19. exf5 Rxf5 20. f4 Nxe2 21. Kxe2 exf4 22. Kf3 Bf6 23. Nxf6 Kxf6 24. Rd1 Rc7 25. Rd4 Kg5 26. Rc1 Rcf7 27. Rg1+ Kh5 28. h3 g5 29. Re1 Kh4 30. Kg2 h5 31. b4 g4 32. hxg4 f3+ 33. Kh2 hxg4 34. Ree4 Rg7 35. c5 Rh5 36. Rc4 Kg5+ 37. Kg1 Kh4 38. Kh2 Rd5 39. b5 Rd2 40. c6 bxc6 41. bxc6 Rxf2+ 42. Kg1 Rg2+ 43. Kf1 Rc7 44. Red4 Kh3 45. Rf4 Rxa2 46. Rxg4 Ra1+ 47. Kf2 Ra2+ 48. Kxf3 Ra3+ 49. Kf2 Ra2+ 50. Ke3 Ra3+ 51. Kd2 Rxc6 52. Rh4+ Kg3 1/2-1/2

[Site "Europe Echecs"]

[Event "Championnat d'Europe de Blitz"]
[Date "2024.12.09"]
[White "Nikolovski, Nikola"]
[Black "Muradli, Mahammad"]
[WhiteElo "2407"]
[BlackElo "2588"]
[Round "7.9"]
[Result "0-1"]
[TimeControl "180+2"]

1. f4 c5 2.
Nf3 Nc6 3. e4 d5 4. exd5 Qxd5 5. Nc3 Qd8 6. Bb5 Bd7 7. Qe2 Nf6 8. O-O Nd4 9. Nxd4 cxd4 10. Ne4 Nxe4 11. Bxd7+ Qxd7 12. Qxe4 f5 13. Qf3 e6 14. c4 d3 15. Kh1 Be7 16. b3 Bf6 17. Rb1 Kf7 18. Ba3 Rac8 19. Bb2 Bxb2 20. Rxb2 b5 21. Rc1 Rc7 22. h3 Qd4 23. Rc3 Rd8 24. Rb1 g6 25. Re1 Rdd7 26. Qg3 bxc4 27. bxc4 Rxc4 28. Rb3 Rb4 29.
Rc3 Rb8 30.
Re3 Qa4 31.
Rcxd3 Rbd8 32. Rxd7+ Rxd7 33. Rd3 Rxd3 34. Qxd3 Ke7 35. Qb3 Qxb3 36. axb3 Kd6 37. Kg1 Kc5 38. Kf2 Kb4 39. Ke3 Kxb3 40.
Kd4 a5 41. Ke5 a4 42. Kxe6 a3 0-1

[Site "Europe Echecs"]

[Event "Championnat d'Europe de Blitz"]
[Date "2024.12.09"]
[White "Dardha, Daniel"]
[Black "Paichadze, Luka"]
[WhiteElo "2639"]
[BlackElo "2532"]
[Round "7.10"]
[Result "1/2-1/2"]
[TimeControl "180+2"]

1. e4 c6 2. d4 d5 3. e5 Bf5 4. Ne2 e6 5. Ng3 Ne7 6. Nd2 h6 7. Nxf5 Nxf5 8. Nf3 c5 9. dxc5 Bxc5 10. Bd3 Nh4 11. Nxh4 Qxh4 12. g3 Qh3 13. Qe2 Nc6 14. c3 d4 15. f4 dxc3 16. bxc3 O-O 17. Be4 Rfd8 18. Bg2 Qf5 19. Be4 Qh3 20. Rb1 Bb6 21. Bg2 Qf5 22. Be4 Qh3 23. Bg2 Qf5 24. Be4 Qh3 25. Bg2 Qf5 1/2-1/2

[Site "Europe Echecs"]

[Event "Championnat d'Europe de Blitz"]
[Date "2024.12.09"]
[White "Kazakouski, Valery"]
[Black "Trushko, Andrii"]
[WhiteElo "2567"]
[BlackElo "2143"]
[Round "7.11"]
[Result "0-1"]
[TimeControl "180+2"]

1. Nf3 Nf6 2. c4 e6 3. g3 d5 4. b3 Be7 5. Bg2 O-O 6. Bb2 Nbd7 7. O-O c6 8.
d3 b6 9. e4 dxe4 10.
dxe4 Bb7 11.
e5 Ne8 12.
Nc3 Nc5 13.
Nd4 Qc7 14.
Qe2 g6 15.
Rad1 Ng7 16.
g4 Rfd8 17.
b4 Nd7 18.
b5 Nxe5 19.
bxc6 Nxc6 20. Ndb5 Qb8 21. Ne4 Qf4 22. Bc1 Qb8 23. Bb2 Qf4 24. Bc1 Qb8 25. Bh6 e5 26. Rxd8+ Nxd8 27. f4 a6 28. Nbc3 Bxe4 29.
Qxe4 Ra7 30.
fxe5 Bc5+ 31. Kh1 Nde6 32. Nd5 b5 33. cxb5 axb5 34. Nf6+ Kh8 35. Qd5 Bd4 36. Nd7 Qe8 37. Nf6 Qd8 38. Qxb5 Ra5 39. Qb3 Bxe5 40. Nd5 Ra7 41. Rd1 Qb8 42. Qxb8+ Bxb8 43. Nf6 Be5 44. Nd7 Bf4 45. Bxf4 Nxf4 46. Ne5 Nge6 47. Rd2 Kg7 48. Kg1 Kf6 49. Nf3 Ra4 50. Bf1 h6 51. Kf2 g5 52. Ke3 Ng6 53. h3 Ngf4 54. Kf2 Ng6 55. Kg3 Nef4 56. Rb2 Ra3 57.
Kf2 Kg7 58.
Rd2 Ne6 59.
Bc4 Ngf4 60.
Bf1 Nc5 61. Rc2 Ne4+ 0-1

[Site "Europe Echecs"]

[Event "Championnat d'Europe de Blitz"]
[Date "2024.12.09"]
[White "Quparadze, Giga"]
[Black "Ghimpu, Samuel-Timotei"]
[WhiteElo "2537"]
[BlackElo "2475"]
[Round "7.12"]
[Result "1-0"]
[TimeControl "180+2"]

1. e4 e6 2. d4 d5 3. Nd2 c5 4. Ngf3 cxd4 5. Nxd4 Nc6 6. Bb5 Bd7 7. Nxc6 bxc6 8. Bd3 Bd6 9. O-O Qc7 10. Nf3 Nf6 11. Qe2 dxe4 12. Bxe4 Nxe4 13. Qxe4 O-O 14. Rd1 Rad8 15. h3 h6 16. b3 e5 17. Bb2 Rfe8 18. Nh4 Bf8 19. Rd3 Bc8 20. Rad1 Rxd3 21. Rxd3 f6 22. Nf5 Rd8 23. Qc4+ Kh8 24. Nh4 Rxd3 25. Ng6+ Kh7 26. Nxf8+ Kh8 27. Qxd3 f5 28. Ng6+ Kh7 29. Nxe5 1-0

[Site "Europe Echecs"]

[Event "Championnat d'Europe de Blitz"]
[Date "2024.12.09"]
[White "Santos Latasa, Jaime"]
[Black "Schneider, Ilja"]
[WhiteElo "2628"]
[BlackElo "2414"]
[Round "7.13"]
[Result "1-0"]
[TimeControl "180+2"]

1. c4 Nf6 2. Nf3 e6 3. g3 d5 4. Bg2 d4 5. d3 Nc6 6. O-O Bc5 7. Nbd2 a5 8. Nb3 Be7 9. e3 dxe3 10. Bxe3 O-O 11. a4 Ng4 12. Bc1 e5 13. h3 Nf6 14. Re1 Bb4 15. Bd2 Qxd3 16. Bxb4 Qxd1 17. Raxd1 axb4 18. Nxe5 Nxe5 19. Rxe5 Rxa4 20. g4 Ra2 21. Rd2 Be6 22. Nc5 Bxc4 23. Bxb7 h6 24. Re7 Kh7 25. Rxc7 Re8 26. Bf3 Re1+ 27. Kh2 Rb1 28. Ne4 Bb3 29. Nxf6+ 1-0

[Site "Europe Echecs"]

[Event "Championnat d'Europe de Blitz"]
[Date "2024.12.09"]
[White "Grigoriants, Sergey"]
[Black "Pultinevicius, Paulius"]
[WhiteElo "2542"]
[BlackElo "2579"]
[Round "7.14"]
[Result "0-1"]
[TimeControl "180+2"]

1. e4 c5 2.
Nf3 e6 3. c3 Nf6 4. Bd3 d5 5. e5 Nfd7 6. Bc2 c4 7. d4 cxd3 8. Bxd3 Qc7 9. Bf4 Nc6 10. Qe2 Nc5 11. O-O Nxd3 12. Qxd3 h6 13. Re1 Bd7 14. a4 Be7 15. Na3 a6 16. Nc2 g5 17. Bg3 h5 18. h3 g4 19. hxg4 hxg4 20. Nh2 O-O-O 21. b4 Rh5 22. b5 Nb8 23. Ne3 Bc5 24.
Nexg4 axb5 25. axb5 Qb6 26. c4 dxc4 27. Qxc4 Bxb5 28. Qc2 Bc6 29. Nf6 Rf5 30. Ne4 Be7 31. Nd6+ Bxd6 32. exd6 Rd5 33. Ra8 Kd7 34. Ng4 Rf5 35. Ne5+ Rxe5 36. Bxe5 Rg8 37. Re4 Qb5 38. Ra1 Rxg2+ 39. Kxg2 Qxe5 40. Rae1 Qg7+ 41. Kf1 f5 42. Rxe6 Qg2+ 43. Ke2 Kxe6 44. Qc4+ Kxd6 45. Rd1+ Bd5 46. Qf4+ Ke6 47. Re1 Nc6 48. Kd2+ Be4 49. Qh6+ Kd5 50. Qf4 Nd4 51. Ra1 Nb3+ 52.
Kc3 Nxa1 0-1

[Site "Europe Echecs"]

[Event "Championnat d'Europe de Blitz"]
[Date "2024.12.09"]
[White "Sargissian, Gabriel"]
[Black "Baskin, Robert"]
[WhiteElo "2628"]
[BlackElo "2442"]
[Round "7.15"]
[Result "1-0"]
[TimeControl "180+2"]

1. Nf3 Nf6 2. g3 d5 3. Bg2 c5 4. O-O g6 5. d4 Bg7 6. dxc5 Na6 7. c4 Nxc5 8. cxd5 Nxd5 9. Ng5 e6 10. e4 Nb4 11. Qxd8+ Kxd8 12.
Nxf7+ Ke7 13. Nxh8 Nc2 14. Bg5+ Ke8 15. Nc3 Nxa1 16. Nxg6 Nc2 17. Nf4 h6 18. Bh4 Bd7 19. Nh5 Bxc3 20. bxc3 Bb5 21. Rd1 Na4 22. Nf6+ Kf7 23. Rd2 Ne1 24. Ng4 Nxg2 25. Kxg2 Nxc3 26.
Ne5+ Ke8 27.
f3 Rc8 28.
Bf6 Ne2 29.
a4 Ba6 30.
Rd7 Nc3 1-0

[Site "Europe Echecs"]

[Event "Championnat d'Europe de Blitz"]
[Date "2024.12.09"]
[White "Papasimakopoulos, Alexandros"]
[Black "Alonso Rosell, Alvar"]
[WhiteElo "2379"]
[BlackElo "2532"]
[Round "7.16"]
[Result "1-0"]
[TimeControl "180+2"]

1. d4 Nf6 2. c4 c5 3. d5 b5 4. Nf3 g6 5. cxb5 a6 6. e3 Bg7 7. Nc3 O-O 8. a4 axb5 9. Bxb5 Ba6 10. Ra3 Bxb5 11. Nxb5 d6 12. Nc3 Na6 13. O-O Nb4 14. e4 Qb6 15. Re1 c4 16. Be3 Qb7 17. Re2 Nd3 18. Ra2 Ng4 19. Bd4 Bxd4 20. Nxd4 Qb6 21. Ncb5 e5 22. h3 Ngxf2 23. Rxf2 Nxf2 24. Kxf2 exd4 25. Qxd4 Qxd4+ 26. Nxd4 Rfb8 27. Ke3 Kf8 28. a5 Ke8 29. Nc6 Rb5 30. Kd4 Rc5 31. a6 Kd7 32. a7 Kc7 33. Ra4 Rb5 34. Ra2 Rc5 35. g4 Kb7 36. Ra4 Rb5 37. Ra2 Rc5 38. g5 Re8 39. h4 Ka8 40. e5 Rxc6 41. dxc6 Rxe5 42. Kxc4 Rc5+ 43. Kd4 Rxc6 44. b4 Rb6 45. Kc4 Rb7 46. b5 Rc7+ 47. Kd5 Rc5+ 48. Kxd6 Rxb5 49.
Ra4 Rf5 50.
Ke7 Rf1 51. Kf8 f5 52. Kg7 f4 53. Kxh7 f3 54. Kxg6 Rh1 55. Rf4 Rh3 56. h5 Kxa7 57. h6 Kb6 58. Kg7 Kc6 59. h7 Kd6 60. Rxf3 1-0

[Site "Europe Echecs"]

[Event "Championnat d'Europe de Blitz"]
[Date "2024.12.09"]
[White "Pantsulaia, Levan"]
[Black "Arnaudov, G. Petar"]
[WhiteElo "2522"]
[BlackElo "2401"]
[Round "7.17"]
[Result "1-0"]
[TimeControl "180+2"]

1. Nf3 Nf6 2. g3 d5 3. Bg2 e6 4. O-O Be7 5. c4 O-O 6. b3 a5 7.
Nc3 c6 8.
Bb2 b6 9.
Qc2 Bb7 10.
d3 d4 11.
Na4 c5 12.
e3 Nc6 13.
exd4 cxd4 14. a3 Ra7 15. Rfe1 Ba8 16. Qe2 Bc5 17. Bc1 Nd7 18. Bd2 Re8 19. Reb1 e5 20. b4 axb4 21. axb4 Bf8 22. Ng5 h6 23. Nxf7 Kxf7 24. Bd5+ Ke7 25. Qf3 Qc7 26. b5 Na5 27. c5 Nxc5 28.
Nxc5 Bxd5 29. Qxd5 Qxc5 30. Bb4 1-0

[Site "Europe Echecs"]

[Event "Championnat d'Europe de Blitz"]
[Date "2024.12.09"]
[White "Peyrer, Konstantin"]
[Black "Mohr, Georg"]
[WhiteElo "2440"]
[BlackElo "2385"]
[Round "7.18"]
[Result "1-0"]
[TimeControl "180+2"]

1. Nf3 g6 2.
g3 Bg7 3. Bg2 Nf6 4. c4 O-O 5. Nc3 c5 6. O-O Nc6 7. d4 cxd4 8. Nxd4 a6 9. c5 Nxd4 10. Qxd4 d6 11. cxd6 Ne8 12. Qh4 Nxd6 13. Rd1 Be6 14. Bf4 Qb6 15. Qxe7 Qxb2 16. Bxd6 Qxc3 17. Qxb7 Rfd8 18. Bc7 Rdc8 19. Bf4 Qxa1 20.
Rxa1 Bxa1 21. Bd5 Bxd5 22. Qxd5 Bg7 23. h4 h5 24. e4 Ra7 25. Qd3 a5 26. Kg2 Kh7 27. a4 Re7 28. Bd2 Re5 29. Qd7 Kg8 30. Qxc8+ 1-0

[Site "Europe Echecs"]

[Event "Championnat d'Europe de Blitz"]
[Date "2024.12.09"]
[White "Domingo Nunez, Ruben"]
[Black "Beerdsen, Thomas"]
[WhiteElo "2409"]
[BlackElo "2502"]
[Round "7.19"]
[Result "0-1"]
[TimeControl "180+2"]

1. Nf3 d5 2.
g3 Nc6 3. d4 Nf6 4. Bg2 g6 5. Nbd2 Bg7 6. b3 a5 7. a3 Ne4 8. Bb2 Bf5 9. e3 O-O 10. Nh4 Nxd2 11. Qxd2 Be4 12. f3 Bf5 13. Nxf5 gxf5 14. f4 e6 15. Bf3 Ne7 16. Bc3 b6 17. O-O Nc8 18. b4 Nd6 19. bxa5 bxa5 20. Rfb1 Nc4 21. Qc1 c5 22. Be2 cxd4 23. Bxd4 Bxd4 24.
exd4 Rc8 25. Rb5 Qf6 26. c3 Nd6 27. Rb2 Ne4 28. Rc2 Nxc3 29. Ba6 Rc6 30. Kg2 Qxd4 31. Kh3 Rc5 32. Qb2 Qf6 33. Rac1 d4 34. Qb6 Rd5 35. Bc4 Rdd8 36. Qxa5 Ra8 37. Qb4 Rfb8 38. Qd6 Rd8 39. Qb4 Rab8 40. Qa5 Ne4 41. Bd3 Rb3 42. Qa6 Kg7 43. Re1 Rc3 44. Rce2 Nc5 45. Qa7 Nxd3 46. Rxe6 Nxf4# 0-1

[Site "Europe Echecs"]

[Event "Championnat d'Europe de Blitz"]
[Date "2024.12.09"]
[White "Dvirnyy, Danyyil"]
[Black "Stanojoski, Zvonko"]
[WhiteElo "2491"]
[BlackElo "2401"]
[Round "7.20"]
[Result "1-0"]
[TimeControl "180+2"]

1. e4 c5 2.
Nf3 d6 3. d4 cxd4 4. Nxd4 Nf6 5. Nc3 g6 6. Be3 Bg7 7. f3 Nc6 8. Qd2 O-O 9. Bc4 Bd7 10. O-O-O Rc8 11. Bb3 Ne5 12. Kb1 Nc4 13. Bxc4 Rxc4 14. g4 Qa5 15. Nb3 Qa6 16. e5 Nxg4 17. fxg4 Bxg4 18. Rdf1 dxe5 19. h4 h5 20. Nd5 Qd6 21. Bg5 f6 22. Nxf6+ Bxf6 23.
Qxd6 exd6 24. Rxf6 Rxf6 25. Bxf6 Bf5 26. Rc1 Kf7 27. Bg5 Ke6 28.
Nd2 Rg4 29.
Re1 Rg2 30.
b4 d5 31.
Kb2 Rg4 32.
Kb3 d4 33.
c3 Rg3 34.
Rc1 Kd5 35.
Kb2 e4 36. cxd4 e3 37. Nb3 Rg2+ 38. Kc3 e2 39. Re1 Bg4 40. Nd2 Rg3+ 41. Kb2 Rd3 42. Nb1 Rxd4 43. Nc3+ Kc4 44. Nxe2 Re4 45. Rc1+ Kxb4 46.
Bd2+ 1-0

[Site "Europe Echecs"]

[Event "Championnat d'Europe de Blitz"]
[Date "2024.12.09"]
[White "Hamitevici, Vladimir"]
[Black "Subelj, Jan"]
[WhiteElo "2423"]
[BlackElo "2526"]
[Round "7.21"]
[Result "1/2-1/2"]
[TimeControl "180+2"]

1. Nf3 d5 2. c4 d4 3. b4 c5 4. b5 g6 5. g3 Bg7 6. d3 Nf6 7. Bg2 O-O 8. O-O Re8 9. a4 e5 10. e4 dxe3 11. Bxe3 e4 12. dxe4 Nxe4 13. Qxd8 Rxd8 14. Ra3 Nd7 15. a5 Ndf6 16. Nfd2 Bf5 17. Nxe4 Bxe4 18. Bxc5 Rdc8 19. Be3 Bxg2 20. Kxg2 Rxc4 21. Nd2 Rb4 22. Rb1 Rxb1 23. Nxb1 Nd5 24. Rd3 Rd8 25. Kf3 a6 26. bxa6 bxa6 27. Nd2 Bf6 28. Nb3 Nb4 29. Rxd8+ Bxd8 30. Bb6 Bf6 31. Bc5 Nc6 32.
Bb6 Bc3 33.
Nc5 Nxa5 34.
Bxa5 Bxa5 35. Nxa6 Bb6 36. Nb4 1/2-1/2

[Site "Europe Echecs"]

[Event "Championnat d'Europe de Blitz"]
[Date "2024.12.09"]
[White "Kuzubov, Yuriy"]
[Black "Narva, Mai"]
[WhiteElo "2595"]
[BlackElo "2413"]
[Round "7.22"]
[Result "1/2-1/2"]
[TimeControl "180+2"]

1. c4 Nf6 2. Nc3 e6 3. Nf3 d5 4. d4 Be7 5. cxd5 exd5 6. Bf4 c6 7. e3 Nh5 8. Qc2 Nxf4 9. exf4 Bd6 10. g3 Bg4 11. Ne5 Qe7 12. Be2 Bxe2 13. Nxe2 f6 14. Ng4 O-O 15. Ne3 Re8 16. O-O-O Na6 17. a3 Qe4 18. Qxe4 Rxe4 19. Nc3 Ree8 20. Rhe1 b5 21. Na2 Nc7 22. Kb1 a5 23. Rc1 Ra6 24. Nf5 Bf8 25. Rxe8 Nxe8 26. Rc2 g6 27. Ne3 Nd6 28. Nc1 Nc4 29. Re2 Kf7 30. Nd3 Ra8 31. f5 Re8 32.
fxg6+ hxg6 33. Re1 Nd2+ 34. Ka2 Nf3 35. Rd1 Nxd4 36. Nf4 Bc5 37. Rc1 Ba7 38. h4 g5 39. hxg5 fxg5 40. Nd3 Kg6 41. Rh1 Rf8 42. Ne5+ Kg7 43. N3g4 Bb8 44. Nd7 Rd8 45. Ndf6 Rf8 46. Rh7+ Kg6 47. Rb7 Rxf6 48. Nxf6 Kxf6 49.
Rxb8 c5 50. Kb1 c4 51. Kc1 Ke5 52. Re8+ Kf5 53. Kd2 b4 54. axb4 axb4 55. Rb8 b3 56. Rd8 Ke5 57. Rg8 Ke4 58. Kc3 Ne2+ 59. Kd2 Nd4 60. Re8+ Kf5 61. Rf8+ Ke5 62. f4+ gxf4 63. Rxf4 Nf5 64. Rg4 d4 65. Rg8 Nd6 66. g4 Ne4+ 67. Kc1 c3 68. Rb8 Nc5 69. bxc3 dxc3 70. Rxb3 Nxb3+ 71. Kc2 Nd4+ 72. Kxc3 Nf3 1/2-1/2

[Site "Europe Echecs"]